 Dungeon Crawl Stone Soup version 0.21.1-1-g345015fe64 (webtiles) character file.

37570 Duralumin the Arsonist (level 13, -26/129 HPs)
             Began as a Pale Draconian Fire Elementalist on Mar 18, 2018.
             Was a High Priest of Vehumet.
             Killed from afar by a fire dragon (36 damage)
             ... with a blast of flame
             ... in a volcano.
             The game lasted 02:08:05 (17310 turns).

Duralumin the Arsonist (DrFE)                      Turns: 17310, Time: 02:08:05

Health: -26/129    AC: 13    Str: 12    XL:     13   Next: 59%
Magic:  15/29      EV: 12    Int: 18    God:    Vehumet [*****.]
Gold:   1762       SH:  5    Dex: 13    Spells: 7/36 levels left

rFire    . . .     SeeInvis .   N - +1 war axe of Karma {freeze, rElec MR+ Str-3}
rCold    . . .     Gourm    .   v - +0 buckler
rNeg     . . .     Faith    +   (armour unavailable)
rPois    +         Spirit   .   m - +2 hat
rElec    +         Reflect  .   h - +0 cloak
rCorr    .         Harm     .   p - +0 pair of gloves
MR       +++..     Rnd*Rage +   O - +0 pair of boots
Stlth    ..........             M - amulet of faith
HPRegen  0.71/turn              i - ring of protection from magic
MPRegen  0.21/turn              D - ring "Tetzaure" {rPois MR+ Stlth+}

@: berserking, flying, very quick
A: breathe steam, unfitting armour, big wings, fangs 1, berserk 1, dopey 1,
regeneration 1, electricity resistance, cold-blooded, AC +8
a: Breathe Steam, Stop Flying, Renounce Religion


You were in a volcano.
You worshipped Vehumet.
Vehumet was extremely pleased with you.
You were not hungry.

You visited 2 branches of the dungeon, and saw 16 of its levels.
You also visited: Ossuary, Ice Cave and Volcano.

You collected 1882 gold pieces.
You spent 120 gold pieces at shops.

Inventory:

Hand Weapons
 n - a +3 dagger of draining
 C - a +0 blowgun
 N - the +1 war axe of Karma (weapon) {freeze, rElec MR+ Str-3}
   (You found it on level 3 of the Lair of Beasts)

   It has been specially enchanted to freeze those struck by it, causing extra
   injury to most foes and up to half again as much damage against particularly
   susceptible opponents.
   It can also slow down cold-blooded creatures.
   It affects your strength (-3).
   It insulates you from electricity.
   It affects your resistance to hostile enchantments.
Missiles
 j - 7 curare-tipped needles
Armour
 h - a +0 cloak (worn)
 m - a +2 hat (worn)
 p - a +0 pair of gloves (worn)
 v - a +0 buckler (worn)
 O - a +0 pair of boots (worn)
Jewellery
 i - a ring of protection from magic (left hand)
 t - a +3 amulet of reflection
 B - an uncursed ring of ice
 D - the ring "Tetzaure" (right hand) {rPois MR+ Stlth+}
   (You found it on level 8 of the Dungeon)

   [ring of stealth]

   It protects you from poison.
   It affects your resistance to hostile enchantments.
   It makes you more stealthy.
 J - an uncursed ring of poison resistance
 M - an amulet of faith (around neck)
Wands
 k - a wand of polymorph (34)
 l - a wand of enslavement (15)
 o - a wand of acid (10)
 A - a wand of disintegration (19)
 F - a wand of flame (25)
 I - a wand of digging (25)
Scrolls
 e - 4 scrolls of teleportation
 f - 6 scrolls of remove curse
 g - 2 scrolls of amnesia
 r - a scroll of enchant weapon
 x - 3 scrolls of immolation
 y - 8 scrolls of identify
 z - 2 scrolls of blinking
 E - a scroll of fog
 G - a scroll of magic mapping
 H - a scroll of fear
 Q - 2 scrolls of silence
Potions
 a - a potion of resistance
 q - 3 potions of might
 s - a potion of invisibility
 u - 8 potions of curing
 w - a potion of brilliance
Books
 c - a book of Conjurations

   Spells                             Type                      Level
   a - Magic Dart                     Conjuration                  1
   b - Searing Ray                    Conjuration                  2
   c - Dazzling Spray                 Conjuration/Hexes            3
   d - Fulminant Prism                Conjuration/Hexes            4
   e - Force Lance                    Conjuration/Translocation    4
   f - Iskenderun's Mystic Blast      Conjuration                  4
Miscellaneous
 L - a lamp of fire
 R - a fan of gales
Comestibles
 b - 21 rations


   Skills:
 - Level 1.7 Dodging
 - Level 1.7 Stealth
 - Level 6.1 Shields
 + Level 12.2 Spellcasting
 + Level 13.0 Conjurations
 + Level 14.3 Fire Magic


You had 7 spell levels left.
You knew the following spells:

 Your Spells              Type           Power        Failure   Level  Hunger
a - Flame Tongue          Conj/Fire      #####        0%          1    None
b - Throw Flame           Conj/Fire      ######       1%          2    None
c - Conjure Flame         Conj/Fire      ######..     1%          3    None
d - Sticky Flame          Conj/Fire      ######..     1%          4    ##.....
e - Fireball              Conj/Fire      ######....   1%          5    ####...
f - Inner Flame           Hex/Fire       #####...     1%          3    None
g - Apportation           Tloc           ##....       6%          1    None
h - Animate Skeleton      Necr           N/A          6%          1    None
i - Bolt of Magma         Conj/Fire/Erth #####.....   1%          5    ####...
j - Iskenderun's Mystic   Conj           ######..     1%          4    ##.....


Dungeon Overview and Level Annotations

Branches:
Dungeon (11/15)            Temple (0/1) D:5            Lair (5/6) D:11
 Shoals (0/4) Lair:4       Spider (0/4) Lair:3        Slime (0/5) Lair:5
    Orc: D:9-12

Altars:
Fedhas
Hepliaklqana
Nemelex Xobeh
Ru
Vehumet
Wu Jian
Xom
Zin

Shops:
D:8 *

Annotations:
D:11 epok's ghost, journeyman GrBe
Lair:3 exclusion: 2 oklob plants


Innate Abilities, Weirdness & Mutations

You can breathe blasts of scalding, opaque steam.
Your pale cyan-grey scales are hard. (AC +8)
You cannot fit into any form of body armour.
You are cold-blooded and may be slowed by cold attacks.
Your large and strong wings let you fly indefinitely.
You have very sharp teeth.
You tend to lose your temper in combat.
You are dopey. (Int -2)
Your natural rate of healing is unusually fast.
You are resistant to electric shocks. (rElec)


Message History

The floor.
Unknown command.
Unknown command.
Unknown command.
A red film seems to cover your vision as you go berserk!
You feel yourself moving faster!
You feel mighty! The hell hound breathes flames at you.
The blast of flame hits the fire dragon.
The fire dragon resists.
The blast of flame hits you!
* * * LOW HITPOINT WARNING * * *
The fire dragon barely misses you. You block the fire dragon's attack.
The fire dragon tramples you!
* * * LOW HITPOINT WARNING * * *
You hold your ground!
You hit the fire dragon. You freeze the fire dragon.
Your tail-slap misses the fire dragon.
The fire dragon is almost dead.
The fire dragon breathes flames at you. The blast of flame hits you!
You die...

##.....## ##.......#
##.......##
#....§....##
.....≈§....##
....≈§§.....###
....≈§≈§≈.....###
..§§≈§≈≈≈≈....hD##
..§≈§§§§§≈≈...##@#
..§≈≈≈§§§§≈≈h###†##
.≈§≈≈§≈≈§≈≈≈.#.##.#
≈≈§≈≈§§≈§§≈.##..#.###
§≈§≈≈§≈≈§§§.#∩..##..#
§≈≈≈≈§≈§≈≈§.##..∩##.#
§≈≈≈≈≈≈≈§§≈..##.##..#
≈≈≈≈§≈≈≈≈§§≈..#.#.###
≈≈≈≈§§≈§≈§≈≈≈.##.##


You could see a fire dragon and a hell hound.

Vanquished Creatures
  Snorg (D:11)
  Fannar (D:11)
  2 ice dragons (IceCv)
  Erolcha (D:11)
  3 hydras
  2 two-headed ogres
  A centaur warrior (D:9)
  Erica (Lair:1)
  Sonja (Lair:2)
  A harpy (shapeshifter) (D:10)
  2 oklob plants (Lair:3)
  4 elephants (Lair:4)
  7 spiny frogs
  A black mamba (Lair:3)
  2 ice statues (IceCv)
  Joseph (D:7)
  A molten gargoyle (Volcano)
  A gargoyle (D:10)
  3 rime drakes
  7 komodo dragons
  2 ice devils (Lair:1)
  2 polar bears
  A hornet (D:9)
  7 trolls
  9 blink frogs
  7 hippogriffs
  3 wraiths
  A shadow (D:11)
  6 fire bats (Volcano)
  2 wyverns
  15 yaks (Lair:3)
  A basilisk (Lair:2)
  The ghost of Unreal the Poker, an amateur MfSk (D:4)
  3 hell hounds (Volcano)
  12 porcupines
  7 water moccasins
  An orc warrior (D:10)
  4 sky beasts
  A black bear (D:11)
  3 ogres
  A phantom (D:5)
  16 ice beasts
  5 necrophages
  6 wolves
  6 centaurs
  7 crocodiles
  3 big kobolds
  The ghost of luab the Digger, an amateur GrEE (D:3)
  20 bullfrogs
  A wyvern zombie (D:10)
  4 scorpions
  A wyvern skeleton (D:11)
  5 killer bees (D:7)
  An electric eel (Lair:4)
  A howler monkey (D:11)
  A centaur zombie (D:10)
  6 lava snakes (Volcano)
  A quasit (D:5)
  6 jellies
  5 orc priests
  4 hounds
  6 orc wizards
  2 bullfrog skeletons
  3 iguanas
  3 hell rats (Lair:4)
  6 worker ants
  A killer bee zombie (D:5)
  8 mummies (Ossuary)
  A worker ant zombie (D:10)
  9 adders
  5 shadow imps
  3 oozes
  2 adder skeletons
  9 worms
  A dart slug (D:1)
  9 leopard geckos
  15 orcs
  3 bats
  12 giant cockroaches
  A gnoll zombie (Ossuary)
  7 hobgoblins
  11 jackals
  6 quokkas
  3 ball pythons
  6 frilled lizards
  4 goblins
  2 hobgoblin zombies (Ossuary)
  22 kobolds
  A kobold zombie (Ossuary)
  4 orc zombies (Ossuary)
  A quokka skeleton (D:7)
  7 rats
  A fungus (Lair:1)
406 creatures vanquished.

Vanquished Creatures (collateral kills)
  A phantom (D:10)
  A killer bee (D:7)
  A worker ant (D:7)
3 creatures vanquished.

Vanquished Creatures (others)
  An orc (D:11)
  4 fungi
  7 plants
12 creatures vanquished.

Grand Total: 421 creatures vanquished

Notes
Turn   | Place    | Note
-------+----------+-------------------------------------------
     0 | D:1      | Duralumin the Draconian Fire Elementalist began the quest for the Orb.
     0 | D:1      | Reached XP level 1. HP: 14/14 MP: 3/3
   203 | D:1      | Reached XP level 2. HP: 20/20 MP: 3/5
   218 | D:1      | Learned a level 2 spell: Throw Flame
   687 | D:1      | Reached XP level 3. HP: 24/26 MP: 2/6
  1095 | D:2      | Learned a level 3 spell: Conjure Flame
  1380 | D:2      | Gained mutation: You are frail. (-10% HP) [potion of mutation]
  1380 | D:2      | Gained mutation: You are resistant to hostile enchantments. (MR+) [potion of mutation]
  1380 | D:2      | Gained mutation: You evolve. [potion of mutation]
  1380 | D:2      | Gained mutation: You have sharp toenails. [potion of mutation]
  1381 | D:2      | Lost mutation: You are resistant to hostile enchantments. (MR+) [potion of mutation]
  1381 | D:2      | Lost mutation: You evolve. [potion of mutation]
  1381 | D:2      | Gained mutation: You have sharp fingernails. [potion of mutation]
  1381 | D:2      | Gained mutation: You have very sharp teeth. [potion of mutation]
  1381 | D:2      | Gained mutation: Your system is resistant to poisons. (rPois) [potion of mutation]
  1381 | D:2      | Gained mutation: Your tail ends in a poisonous barb. [potion of mutation]
  1649 | D:2      | Reached XP level 4. HP: 29/29 MP: 3/8
  1708 | D:2      | Found a blossoming altar of Fedhas.
  2108 | D:3      | Reached skill level 4 in Fire Magic
  2108 | D:3      | Reached XP level 5. HP: 27/34 MP: 3/9
  2274 | D:3      | Found a radiant altar of Vehumet.
  2281 | D:3      | Became a worshipper of Vehumet
  2371 | D:3      | Noticed luab's ghost (amateur GrEE)
  2376 | D:3      | Killed luab's ghost
  2376 | D:3      | Reached XP level 6. HP: 40/40 MP: 5/11
  2473 | D:4      | Found a shimmering altar of Xom.
  2473 | D:4      | Found a glowing silver altar of Zin.
  2474 | D:4      | Noticed an angel
  2572 | D:4      | Noticed Unreal's ghost (amateur MfSk)
  2775 | D:4      | Reached skill level 5 in Fire Magic
  2902 | D:4      | Got an ichor-stained hunting sling
  2924 | D:4      | Found a sand-covered staircase.
  2940 | D:4      | Identified the +6 hunting sling "Sagoinuu" {freeze, rPois} (You found it on level 4 of the Dungeon)
  2943 | Ossuary  | Entered an ossuary
  3155 | Ossuary  | Your scales start taking on a pale cyan-grey colour.
  3155 | Ossuary  | Reached XP level 7. HP: 45/45 MP: 2/13
  3244 | Ossuary  | Reached * piety under Vehumet
  3244 | Ossuary  | Offered knowledge of Shock by Vehumet.
  3674 | D:4      | Found an ornate altar of the Wu Jian Council.
  3686 | D:4      | Found a sparkling altar of Nemelex Xobeh.
  3700 | D:4      | Found a sacrificial altar of Ru.
  3703 | D:4      | Found a hazy altar of Hepliaklqana.
  3714 | D:4      | Killed Unreal's ghost
  3714 | D:4      | Reached skill level 6 in Fire Magic
  3908 | D:5      | Entered Level 5 of the Dungeon
  3996 | D:5      | Reached skill level 5 in Spellcasting
  3996 | D:5      | Reached skill level 5 in Conjurations
  4123 | D:5      | Reached XP level 8. HP: 47/51 MP: 1/15
  4561 | D:5      | Reached skill level 7 in Fire Magic
  4573 | D:5      | Found a staircase to the Ecumenical Temple.
  4763 | D:6      | Found a shimmering altar of Xom.
  4858 | D:6      | Offered knowledge of Magic Dart by Vehumet.
  5357 | D:7      | Noticed Joseph
  5364 | D:7      | Learned a level 4 spell: Sticky Flame
  5370 | D:7      | Learned a level 5 spell: Fireball
  5386 | D:7      | Killed Joseph
  5386 | D:7      | Reached ** piety under Vehumet
  5523 | D:7      | Reached skill level 8 in Fire Magic
  5689 | D:7      | Reached XP level 9. HP: 41/55 MP: 2/18
  6080 | D:8      | Found Wuvoosk's General Store.
  6101 | D:8      | Bought a potion of magic for 120 gold pieces
  6248 | D:8      | Got a coiled amber ring
  6265 | D:8      | Identified the ring "Tetzaure" {rPois MR+ Stlth+} (You found it on level 8 of the Dungeon)
  6751 | D:9      | Noticed a troll
  6765 | D:9      | Killed a troll
  6765 | D:9      | Reached skill level 9 in Fire Magic
  7078 | D:9      | Offered knowledge of Ignite Poison by Vehumet.
  7094 | D:9      | Noticed a centaur warrior
  7522 | D:9      | Killed a centaur warrior
  7522 | D:9      | Reached XP level 10. HP: 45/62 MP: 9/22
  7644 | D:10     | Entered Level 10 of the Dungeon
  7697 | D:10     | Reached skill level 10 in Fire Magic
  7715 | D:10     | Learned a level 3 spell: Inner Flame
  7717 | D:10     | Learned a level 1 spell: Apportation
  7719 | D:10     | Learned a level 1 spell: Animate Skeleton
  8061 | D:10     | Noticed a gargoyle
  8077 | D:10     | Killed a gargoyle
  8220 | D:10     | Noticed a two-headed ogre
  8242 | D:10     | Killed a two-headed ogre
  8273 | D:10     | Reached *** piety under Vehumet
  8826 | D:10     | Reached skill level 11 in Fire Magic
  8903 | D:10     | Offered knowledge of Static Discharge by Vehumet.
  9306 | D:10     | Noticed a harpy
  9335 | D:10     | Killed a harpy
  9335 | D:10     | Reached XP level 11. HP: 66/66 MP: 17/24
  9431 | D:10     | Lost mutation: Your tail ends in a poisonous barb. [potion of mutation]
  9431 | D:10     | Lost mutation: You are frail. (-10% HP) [potion of mutation]
  9431 | D:10     | Lost mutation: Your system is resistant to poisons. (rPois) [potion of mutation]
  9431 | D:10     | Gained mutation: You are covered in fur. (AC +1) [potion of mutation]
  9431 | D:10     | Gained mutation: Your natural rate of healing is unusually fast. [potion of mutation]
  9432 | D:10     | Lost mutation: You have sharp toenails. [potion of mutation]
  9432 | D:10     | Lost mutation: You are covered in fur. (AC +1) [potion of mutation]
  9432 | D:10     | Lost mutation: You have sharp fingernails. [potion of mutation]
  9432 | D:10     | Gained mutation: Your large and strong wings let you fly indefinitely. [potion of mutation]
  9432 | D:10     | Gained mutation: You are dopey. (Int -2) [potion of mutation]
  9432 | D:10     | Gained mutation: You tend to lose your temper in combat. [potion of mutation]
  9432 | D:10     | Gained mutation: You are resistant to electric shocks. (rElec) [potion of mutation]
  9441 | D:11     | Found a staircase to the Lair.
  9443 | D:11     | Noticed a two-headed ogre
  9468 | D:11     | Noticed epok's ghost (journeyman GrBe)
  9652 | D:11     | Reached skill level 10 in Conjurations
  9803 | D:11     | Noticed Fannar
  9809 | D:11     | Killed Fannar
  9858 | D:11     | Reached **** piety under Vehumet
 10064 | D:11     | Noticed Snorg
 10073 | D:11     | Offered knowledge of Irradiate by Vehumet.
 10080 | D:11     | Killed Snorg
 10300 | D:11     | Noticed Erolcha
 10313 | D:11     | Killed a two-headed ogre
 10347 | D:11     | Reached skill level 10 in Spellcasting
 10377 | D:11     | Reached skill level 12 in Fire Magic
 10472 | D:11     | Killed Erolcha
 11021 | Lair:1   | Entered Level 1 of the Lair of Beasts
 11261 | Lair:1   | Noticed Erica
 11292 | Lair:1   | Killed Erica
 11322 | Lair:1   | Noticed an eight-headed hydra
 11376 | Lair:1   | Killed an eight-headed hydra
 11376 | Lair:1   | Reached XP level 12. HP: 13/81 MP: 7/26
 11639 | Lair:1   | Found a frozen archway.
 11646 | Lair:1   | Reached ***** piety under Vehumet
 11666 | IceCv    | Entered an ice cave
 11675 | IceCv    | Offered knowledge of Bolt of Magma by Vehumet.
 11902 | IceCv    | Reached skill level 13 in Fire Magic
 11989 | IceCv    | HP: 1/81 [ice statue/shard of ice (30)]
 12250 | IceCv    | Noticed an ice dragon
 12250 | IceCv    | Noticed an ice dragon
 12290 | IceCv    | Killed an ice dragon
 12304 | IceCv    | Killed an ice dragon
 12703 | Lair:1   | Reached skill level 1 in Shields
 12931 | Lair:1   | Learned a level 5 spell: Bolt of Magma
 13044 | Lair:2   | Noticed Sonja
 13045 | Lair:2   | Killed Sonja
 13047 | Lair:2   | Reached skill level 5 in Shields
 13856 | Lair:3   | Offered knowledge of Bolt of Cold by Vehumet.
 13969 | Lair:3   | Got a slimy war axe
 13970 | Lair:3   | Identified the cursed +1 war axe of Karma {freeze, rElec MR+ Str-3} (You found it on level 3 of the Lair of Beasts)
 14231 | Lair:3   | Reached XP level 13. HP: 86/86 MP: 3/28
 14723 | Lair:3   | Found a hole to the Spider Nest.
 15314 | Lair:4   | Found a staircase to the Shoals.
 15628 | Lair:4   | Reached skill level 14 in Fire Magic
 16071 | Lair:5   | Learned a level 4 spell: Iskenderun's Mystic Blast
 16405 | Lair:5   | Found a dark tunnel.
 16413 | Volcano  | Entered a volcano
 16671 | Volcano  | Offered knowledge of Freezing Cloud by Vehumet.
 16948 | Volcano  | Found a bloodstained altar of Trog.
 17105 | Volcano  | Noticed a fire dragon
 17307 | Volcano  | HP: 1/86 [fire dragon/blast of flame (40)]
 17310 | Volcano  | Killed from afar by a fire dragon

Skill      XL: |  1  2  3  4  5  6  7  8  9 10 11 12 13 |
---------------+----------------------------------------+-----
Conjurations   | 2 3 4 5 6 8 9 11 12 13 | 13.0
Spellcasting   | 3 4 5 6 8 9 10 11 12 | 12.2
Fire Magic     | 4 5 6 8 9 11 12 13 14 | 14.3
Shields        | 6 |  6.1
Dodging        | |  1.7
Stealth        | |  1.7

Action                   |  1- 3 |  4- 6 |  7- 9 | 10-12 | 13-15 || total
-------------------------+-------+-------+-------+-------+-------++-------
Melee: Unarmed           |    21 |    22 |    88 |    30 |       ||   161
       Tailslap          |     1 |     1 |     8 |     3 |     2 ||    15
       Kick              |     1 |     5 |    15 |     3 |       ||    24
       Bite              |       |     1 |     9 |     4 |     2 ||    16
       War axe           |       |       |       |       |    25 ||    25
 Cast: Flame Tongue      |    79 |   102 |   233 |   295 |     3 ||   712
       Throw Flame       |     1 |     9 |    57 |   188 |    71 ||   326
       Conjure Flame     |       |       |     8 |    13 |       ||    21
       Sticky Flame      |       |       |     4 |    35 |     5 ||    44
       Animate Skeleton  |       |       |       |     3 |     1 ||     4
       Fireball          |       |       |       |    38 |    18 ||    56
       Bolt of Magma     |       |       |       |    20 |    37 ||    57
       Apportation       |       |       |       |     2 |     5 ||     7
       Iskenderun's Myst |       |       |       |       |    47 ||    47
 Abil: Breathe Steam     |       |       |     4 |    11 |       ||    15
       Fly               |       |       |       |     1 |       ||     1
Evoke: Wand              |       |       |     6 |       |     3 ||     9
  Use: Scroll            |     3 |     4 |     7 |     5 |     6 ||    25
       Potion            |     2 |       |     5 |    11 |     5 ||    23
  Eat: Chunk             |     3 |     5 |     8 |    21 |    10 ||    47
       Ration            |       |       |     2 |     4 |     4 ||    10
Armor: Skin              |    12 |    27 |    69 |    78 |    46 ||   232
Dodge: Dodged            |    32 |    29 |   100 |   125 |    60 ||   346
Block: Buckler           |       |       |       |     2 |    38 ||    40
